 Dungeon Sprint DCSS version 0.30-a0-172-gc5509c9e31 (webtiles) character file.

Game seed: 8802060283603417278

55527 rocky1 the Eclecticist (level 14, -6/135 HPs)
             Began as a Green Draconian Monk on Oct 1, 2022.
             Was the Champion of Cheibriados.
             Killed from afar by a fire giant (57 damage)
             ... with a fireball
             ... in the Dungeon (Sprint VII: "The Pits").
             The game lasted 00:29:25 (5318 turns).

rocky1 the Eclecticist (Green Draconian Monk)       Turns: 5318, Time: 00:29:25

Health: -6/135     AC: 22    Str: 39    XL:     14   Next: 38%
Magic:  27/35      EV: 27    Int: 31    God:    Cheibriados [******]
Gold:   52         SH:  0    Dex: 30    Spells: 36/48 levels left

rFire   . . .      SeeInvis .    r - +2 halberd (protect)
rCold   . . .      Faith    .    (shield currently unavailable)
rNeg    . . .      Spirit   .    (body armour unavailable)
rPois   +          Reflect  .    (helmet restricted)
rElec   .          Harm     .    y - +2 cloak
rCorr   .          Rampage  .    I - +0 pair of gloves {Str+3}
Will    +....      NoTele   +    w - +2 pair of boots
Stlth   +++++++...               x - amulet of the acrobat
HPRegen 0.42/turn                K - +6 ring of strength
MPRegen 0.24/turn                o - +3 ring of intelligence

@: under a protective aura, very slow
A: breathe noxious fumes, AC +8, unfitting armour, stinger 1, poison resistance,
cold-blooded
a: Breathe Noxious Fumes, Renounce Religion, Bend Time, Temporal Distortion,
Slouch, Step From Time


You were in the Dungeon.
You worshipped Cheibriados.
Cheibriados was exalted by your worship.
You visited 1 branch You collected 52 gold pieces.

Inventory:

Hand Weapons
 p - the +8 demon blade "Leech" {vamp, Harm Drain rN+}
   (You found it in the Dungeon)

   It heals its wielder for a portion of the damage dealt every time it strikes
   a living foe.
   rN:        It protects you from negative energy.
   Drain:     It drains your maximum health when unequipped.
   Harm:      It increases damage dealt and taken.
 q - a +0 lajatang
 r - a +2 halberd of protection (weapon)
 D - a +1 demon trident of flaming
 E - a +8 dire flail of holy wrath
 G - the +9 sword of Zonguldrok {reap}
   (You found it in the Dungeon)

   Any living foe damaged by it may be reanimated upon death as a zombie
   friendly to the wielder, with an increasing chance as more damage is dealt.
 L - a +1 bardiche
Missiles
 N - 6 javelins (quivered)
Armour
 w - a +2 pair of boots (worn)
 y - a +2 cloak (worn)
 I - a +0 pair of gloves of strength (worn)
 M - a +2 buckler of protection
Jewellery
 l - a ring of fire
 o - a +3 ring of intelligence (right hand)
 x - an amulet of the acrobat (around neck)
 A - a ring of positive energy
 K - a +6 ring of strength (left hand)
Wands
 a - a wand of flame (22)
Scrolls
 h - 2 scrolls of blinking
 j - 6 scrolls of amnesia
 k - a scroll of summoning
 m - a scroll of identify
 z - a scroll of fear
 B - 2 scrolls of enchant weapon
 C - a scroll of butterflies
Potions
 b - a potion of ambrosia
 c - 8 potions of curing
 d - 7 potions of heal wounds
 e - a potion of haste
 f - 3 potions of magic
 g - a potion of berserk rage
 i - 2 potions of invisibility
 n - a potion of attraction
 s - 6 potions of brilliance
 t - 2 potions of resistance
 u - a potion of might
 v - 4 potions of mutation
Miscellaneous
 H - a condenser vane
 J - a piece from Xom's chessboard (15/15)


   Skills:
 - Level 15.6 Fighting
 - Level 17.0 Polearms
 - Level 13.3 Dodging
 - Level 14.4 Stealth
 + Level 17.6 Spellcasting
 + Level 7.4 Translocations
 + Level 13.7 Fire Magic
 - Level 12.0 Invocations
 + Level 13.5 Evocations


You had 36 spell levels left.
You knew the following spells:

 Your Spells              Type           Power      Damage    Failure   Level
a - Ignition              Fire           42%        3d12      34%         8
b - Manifold Assault      Tloc           65%        N/A       1%          4

Your spell library contained the following spells:

 Spells                   Type           Power      Damage    Failure   Level
 Magic Dart               Conj           100%       1d8       1%          1
 Ignite Poison            Fire/Tmut/Pois 54%        N/A       1%          3
 Kindle Blastsparks       Fire/Tloc/Air  100%       2d18      1%          3
 Sticky Flame             Conj/Fire      63%        2d8       1%          4
 Searing Ray              Conj           54%        2d6       2%          2
 Iskenderun's Mystic Bla  Conj/Tloc      50%        2d11      3%          4
 Dispersal                Tloc           32%        N/A       11%         6
 Fulminant Prism          Conj/Hex       13%        3d9       16%         4
 Lee's Rapid Deconstruct  Erth           13%        3d10*     38%         5
 Disjunction              Tloc           32%        N/A       99%         8
 Summon Horrible Things   Summ           13%        N/A       100%        8
 Animate Armour           Summ/Erth      Unusable   N/A       N/A         4

Dungeon Overview and Level Annotations

Branches:
Dungeon (1/1)

Altars:
Ashenzari
Cheibriados
Dithmenos
Elyvilon
Fedhas
Gozag
Hepliaklqana
Kikubaaqudgha
Makhleb
Nemelex Xobeh
Okawaru
Qazlal
Ru
Sif Muna
Trog
Uskayaw
Vehumet
Wu Jian
Xom
Yredelemnul
Zin
The Shining One
Jiyva
Lugonu


Innate Abilities, Weirdness & Mutations

You can breathe blasts of noxious fumes.
Your lurid green scales are hard. (AC +8)
You cannot fit into any form of body armour.
Your tail ends in a venomous barb.
Your system is resistant to poisons. (rPois)
You are cold-blooded and may be slowed by cold attacks.


Message History

You reach to attack!
You completely miss the merfolk.
The merfolk is severely wounded.
The merfolk throws a boomerang.
The boomerang completely misses you.
You reach to attack!
You hit the merfolk.
The merfolk is almost dead.
You reach to attack!
You puncture the merfolk!
You kill the merfolk!
Cheibriados thoroughly appreciates the change of pace.
No target in view!
You see here 12 large rocks.
A jumping spider comes into view.
Items here: ( )) [ †.
You close the huge gate, pushing everything out of the way.
Items here: (( )) [ †.
You start resting.
A fire giant opens the gate.
It is wielding a +1 great sword of flaming.
N - 6 javelins (gained 1) Unknown command.
Throw: dart (curare)
Press: ? - help, Q - select action, (/) - cycle Shift-Dir - straight line, f - fire giant
Aim: a fire giant, wielding a +1 great sword of flaming (wandering, hasn't noticed you, 87% to hit)
You throw a curare-tipped dart.
The curare-tipped dart hits the fire giant.
The fire giant is poisoned.
The fire giant convulses.
The fire giant seems to slow down.
The fire giant shouts!
The fire giant is lightly wounded.
The fire giant points at you and mumbles some strange words.
The fireball explodes!
The fireball engulfs you!!
You are too injured to fight recklessly!
Reach: r) +2 halberd (protect)
Press: ? - help, Dir - move target, f/p - fire giant
Aim: a fire giant, wielding a +1 great sword of flaming (lightly wounded, very poisoned, slow, about 12% to evade your +2 halberd of protection)
You reach to attack!
You hit the fire giant but do no damage.
Your weapon exudes an aura of protection.
The fire giant is lightly wounded.
The fire giant points at you and mumbles some strange words.
The fireball explodes!
The fireball engulfs you!!!
You die...

#.#m.#)#3.# ..........# #..#.#.M#
##...########++####
#....).##..........
#......##..........#
#......C'..#....#..#
#.[....''[.........#
#########@.........#
###########(.#....#..#
.........++.(........#
.........++...†).....#
############..##..#....#..#
.#.#.#.#÷#.#).##).........+
#.#.#[#.#÷#'..##..........+
[#[#.#.#.#)#..####++####++#
#.#.#.#.#.##..####++####++#######


You could see a fire giant (very poisoned, slow).

Vanquished Creatures
  Frances (D)
  Polyphemus (D)
  2 nagarajas (D)
  A draconian knight (D)
  2 emperor scorpions (D)
  A ghost moth (D)
  2 orc warlords (D)
  A spriggan defender (D)
  A stone giant (D)
  A lorocyproca (D)
  A minotaur (D)
  A yellow draconian (D)
  A blizzard demon (D)
  A mummy priest (D)
  A merfolk impaler (D)
  Josephine (D)
  A deep elf high priest (D)
  A great orb of eyes (D)
  A vault guard (D)
  A merfolk javelineer (D)
  2 hydras (D)
  A rakshasa (D)
  An alligator snapping turtle (D)
  An ogre mage (D)
  2 anacondas (D)
  2 death yaks (D)
  2 naga warriors (D)
  3 two-headed ogres (D)
  A vampire mage (D)
  5 deep elf knights (D)
  A spriggan berserker (D)
  A fire crab (D)
  A shadow wraith (D)
  A sea snake (D)
  A flayed ghost (D)
  A necromancer (D)
  A swamp dragon (D)
  3 large abominations (D)
  2 bog bodies (D)
  A deep elf pyromancer (D)
  A phantasmal warrior (D)
  A cyclops (D)
  2 wolf spiders (D)
  13 orc knights (D)
  An elephant (D)
  A merfolk siren (D)
  2 black mambas (D)
  An unseen horror (D)
  A cane toad (D)
  Psyche (D)
  A demonic crawler (D)
  A hellwing (D)
  2 ice devils (D)
  2 red devils (D)
  4 hornets (D)
  6 merfolk (D)
  A troll (D)
  3 tarantellas (D)
  6 dream sheep (D)
  A jumping spider (D)
  An air elemental (D)
  7 wraiths (D)
  4 yaks (D)
  2 water elementals (D)
  A fire bat (D)
  2 spriggans (D)
  A redback (D)
  A warg (D)
  An acid dragon (D)
  A floating eye (D)
  2 orc warriors (D)
  A swamp drake (D)
  An ice beast (D)
  2 black bears (D)
  2 ogres (D)
  A centaur (D)
  9 wolves (D)
  A phantom (D)
  A gnoll sergeant (D)
  A quasit (D)
  2 iron imps (D)
  A hell rat (D)
  An iguana (D)
  A small abomination (D)
  3 gnolls (D)
  An adder (D)
  2 river rats (D)
  An ufetubus (D)
  An adder skeleton (D)
  A worm (D)
  2 orcs (D)
  A bat skeleton (D)
  2 endoplasms (D)
  A giant cockroach (D)
  A goblin (D)
  A hobgoblin (D)
  4 jackals (D)
  A quokka (D)
  A ball python (D)
  A ball python simulacrum (D)
  A ball python skeleton (D)
  A ball python zombie (D)
  A frilled lizard (D)
  A giant cockroach zombie (D)
  A kobold (D)
183 creatures vanquished.

Vanquished Creatures (others)
  A deep troll (D)
  A centaur (D)
2 creatures vanquished.

Grand Total: 185 creatures vanquished

Notes
Turn   | Place    | Note
-------+----------+-------------------------------------------
     0 | D        | rocky1 the Draconian Monk began the quest for the Orb.
     0 | D        | Reached XP level 1. HP: 19/19 MP: 1/1
    30 | D        | Reached skill level 1 in Spellcasting
    30 | D        | Reached XP level 2. HP: 10/27 MP: 1/3
   272 | D        | Found a bloodstained altar of Trog.
   272 | D        | Found a shimmering blue altar of Sif Muna.
   272 | D        | Found a viscous altar of Jiyva.
   272 | D        | Found a hazy altar of Hepliaklqana.
   272 | D        | Found an opulent altar of Gozag.
   273 | D        | Found a glowing golden altar of the Shining One.
   273 | D        | Found a glowing silver altar of Zin.
   273 | D        | Found a basalt altar of Yredelemnul.
   273 | D        | Found a shimmering altar of Xom.
   273 | D        | Found an ornate altar of the Wu Jian Council.
   273 | D        | Found a sacrificial altar of Ru.
   273 | D        | Found a stormy altar of Qazlal.
   273 | D        | Found an iron altar of Okawaru.
   273 | D        | Found a sparkling altar of Nemelex Xobeh.
   273 | D        | Found a burning altar of Makhleb.
   273 | D        | Found a blossoming altar of Fedhas.
   273 | D        | Found a white marble altar of Elyvilon.
   273 | D        | Found a shadowy altar of Dithmenos.
   273 | D        | Found a snail-covered altar of Cheibriados.
   277 | D        | Found a corrupted altar of Lugonu.
   277 | D        | Found a radiant altar of Vehumet.
   278 | D        | Found a broken altar of Ashenzari.
   278 | D        | Found an ancient bone altar of Kikubaaqudgha.
   278 | D        | Found a hide-covered altar of Uskayaw.
   288 | D        | Became a worshipper of Cheibriados the Contemplative
   288 | D        | Reached * piety under Cheibriados
   288 | D        | Reached ** piety under Cheibriados
   330 | D        | Reached *** piety under Cheibriados
   507 | D        | Noticed a warg
   514 | D        | Killed a warg
   515 | D        | Reached skill level 5 in Fighting
   515 | D        | Reached XP level 3. HP: 7/36 MP: 4/7
   515 | D        | Reached XP level 4. HP: 8/42 MP: 5/9
   515 | D        | Reached XP level 5. HP: 9/48 MP: 5/10
   516 | D        | Reached **** piety under Cheibriados
   832 | D        | Noticed a fire bat
   832 | D        | Noticed a centaur
   832 | D        | Noticed a black bear
   839 | D        | Killed a black bear
   840 | D        | Reached skill level 5 in Dodging
   840 | D        | Reached skill level 5 in Stealth
   844 | D        | Reached XP level 6. HP: 57/58 MP: 10/12
   848 | D        | Reached ***** piety under Cheibriados
   855 | D        | Killed a fire bat
   856 | D        | Reached skill level 5 in Spellcasting
   856 | D        | Your scales start taking on a lurid green colour.
   856 | D        | Reached XP level 7. HP: 17/66 MP: 7/15
   856 | D        | Gained mutation: Your system is resistant to poisons.
                  | (rPois) [Green Draconian growth]
  1121 | D        | Killed an unseen horror
  1290 | D        | Reached ****** piety under Cheibriados
  1295 | D        | Reached XP level 8. HP: 71/75 MP: 17/17
  1297 | D        | Reached skill level 5 in Invocations
  1309 | D        | Noticed a cane toad
  1309 | D        | Noticed a bog body
  1314 | D        | Killed a bog body
  1315 | D        | Reached skill level 10 in Polearms
  1315 | D        | Killed a cane toad
  1320 | D        | Found the +8 demon blade "Leech" {vamp, Harm Drain rN+}
  1540 | D        | Upgraded the game from 0.30-a0-170-g85af917532 to
                  | 0.30-a0-172-gc5509c9e31
  1547 | D        | Reached XP level 9. HP: 85/85 MP: 20/20
  1558 | D        | Reached skill level 10 in Fighting
  1564 | D        | Noticed a flayed ghost
  1576 | D        | Killed a flayed ghost
  1638 | D        | Reached skill level 10 in Stealth
  1638 | D        | Reached XP level 10. HP: 52/95 MP: 22/22
  1772 | D        | Noticed Psyche
  1785 | D        | Killed Psyche
  1805 | D        | Noticed an elephant
  1823 | D        | Killed an elephant
  1898 | D        | Reached skill level 10 in Dodging
  2030 | D        | Noticed a merfolk siren
  2036 | D        | Reached skill level 10 in Invocations
  2040 | D        | Killed a merfolk siren
  2155 | D        | Noticed a deep troll
  2155 | D        | Noticed a necromancer
  2164 | D        | Killed a necromancer
  2165 | D        | Reached skill level 10 in Spellcasting
  2168 | D        | Killed a deep troll
  2169 | D        | Reached XP level 11. HP: 63/105 MP: 23/25
  2290 | D        | Noticed a deep elf pyromancer
  2295 | D        | Killed a deep elf pyromancer
  2295 | D        | Killed a ghost moth
  2297 | D        | Noticed a sea snake
  2306 | D        | Killed a sea snake
  2621 | D        | Noticed a swamp dragon
  2633 | D        | Killed a swamp dragon
  2685 | D        | Noticed a death yak
  2685 | D        | Noticed a large abomination
  2697 | D        | Killed a large abomination
  2916 | D        | Killed a death yak
  2957 | D        | Noticed a spriggan rider
  2985 | D        | Noticed a nagaraja
  2999 | D        | Killed a nagaraja
  3222 | D        | Noticed a phantasmal warrior
  3222 | D        | Noticed an ogre mage
  3222 | D        | Noticed a two-headed ogre
  3222 | D        | Noticed a two-headed ogre
  3222 | D        | Noticed a two-headed ogre
  3222 | D        | Noticed Josephine
  3225 | D        | Killed a phantasmal warrior
  3225 | D        | Killed an ogre mage
  3225 | D        | Killed a two-headed ogre
  3225 | D        | Killed a two-headed ogre
  3226 | D        | Reached XP level 12. HP: 118/118 MP: 11/28
  3226 | D        | Killed a two-headed ogre
  3226 | D        | Killed Josephine
  3227 | D        | Reached skill level 15 in Fighting
  3231 | D        | Reached skill level 15 in Polearms
  3321 | D        | Noticed Frances
  3323 | D        | Noticed a black draconian knight
  3339 | D        | Killed Frances
  3364 | D        | Killed a black draconian knight
  3591 | D        | Noticed an ogre mage
  3594 | D        | Noticed a vampire mage
  3606 | D        | Learned a level 8 spell: Ignition
  3613 | D        | Killed a vampire mage
  3618 | D        | Noticed a lich
  3620 | D        | Noticed a red draconian scorcher
  3621 | D        | Got Sif Muna's Catalogue of Creation
  3695 | D        | Found the +9 sword of Zonguldrok {reap}
  3695 | D        | Noticed a four-headed hydra
  3695 | D        | Noticed a merfolk impaler
  3695 | D        | Noticed an anaconda
  3701 | D        | Killed a four-headed hydra
  3702 | D        | Reached skill level 1 in Fire Magic
  3704 | D        | Killed an anaconda
  3710 | D        | Killed a merfolk impaler
  3839 | D        | Noticed a rakshasa
  3845 | D        | Killed a rakshasa
  3846 | D        | Reached skill level 1 in Evocations
  3879 | D        | Noticed a deep elf high priest
  3882 | D        | Killed a deep elf high priest
  3882 | D        | Noticed an anaconda
  3883 | D        | Reached skill level 5 in Fire Magic
  3883 | D        | Reached XP level 13. HP: 84/127 MP: 19/30
  3888 | D        | Reached skill level 5 in Evocations
  3960 | D        | Noticed a nagaraja
  3970 | D        | Killed a nagaraja
  4165 | D        | Learned a level 4 spell: Manifold Assault
  4485 | D        | Noticed an orc warlord
  4485 | D        | Noticed an orc warlord
  4488 | D        | Noticed a spriggan defender
  4491 | D        | Reached skill level 15 in Spellcasting
  4491 | D        | Reached skill level 10 in Fire Magic
  4491 | D        | Killed a spriggan defender
  4492 | D        | Reached skill level 10 in Evocations
  4492 | D        | Killed an orc warlord
  4493 | D        | Killed an orc warlord
  4681 | D        | Noticed an emperor scorpion
  4726 | D        | Reached skill level 1 in Translocations
  4787 | D        | Noticed a blizzard demon
  4801 | D        | Gained mutation: Your tail ends in a venomous barb. [Green
                  | Draconian growth]
  4801 | D        | Reached XP level 14. HP: 117/135 MP: 20/34
  4860 | D        | Killed an emperor scorpion
  4876 | D        | Found the +10 tower shield of Ignorance {rN+ Int-4}
  5019 | D        | Noticed Polyphemus
  5041 | D        | Killed Polyphemus
  5211 | D        | Reached skill level 5 in Translocations
  5219 | D        | Noticed an emperor scorpion
  5223 | D        | Noticed a fire giant
  5224 | D        | HP: 3/135 [freezing wraith[a mummy priest] (19)]
  5234 | D        | Noticed a stone giant
  5257 | D        | Killed a stone giant
  5268 | D        | Killed an emperor scorpion
  5318 | D        | Killed from afar by a fire giant

Illustrated notes

Levels and vault maps discovered:
D:        pitsprint [storerooms_1, entrance_room_1, metal_vault_5, armoury_3,
          mini_pit_1, grid_room_1, main_hall_1, silver_pit, the_coven_3,
          the_vestibule_1, steel_vault_4, golden_pit, hallway_of_sentries,
          crystal_vault_1, iron_vault_5, final_vault]

Skill      XL: |  1  2  3  4  5  6  7  8  9 10 11 12 13 14 |
---------------+-------------------------------------------+-----
Dodging        | 3 4 5 6 7 8 9 10 12 13 | 13.3
Stealth        | 2 4 5 6 7 8 10 11 13 14 | 14.4
Spellcasting   | 1 3 4 5 6 7 8 10 12 13 16 17 | 17.6
Fighting       | 5 6 7 8 9 11 12 14 15 | 15.6
Polearms       | 6 7 9 10 11 12 14 16 17 | 17.0
Invocations    | 2 4 6 8 10 12 | 12.0
Fire Magic     | 5 12 13 | 13.7
Evocations     | 4 11 13 | 13.5
Translocations | 3 7 |  7.4

Action                   |  1- 3 |  4- 6 |  7- 9 | 10-12 | 13-15 || total
-------------------------+-------+-------+-------+-------+-------++-------
Melee: Spear             |    16 |       |       |       |       ||    16
       Tailslap          |     3 |     3 |     9 |    35 |    37 ||    87
       Trident           |    18 |    20 |    24 |       |       ||    62
       Halberd           |       |       |    38 |   212 |   187 ||   437
       Demon trident     |       |       |       |     5 |       ||     5
Throw: Dart              |       |       |       |     2 |     2 ||     4
Invok: Slouch            |       |     1 |     1 |    19 |    21 ||    42
 Abil: Breathe Noxious F |       |       |     1 |     4 |     2 ||     7
  Use: Potion            |     2 |       |       |       |     8 ||    10
       Scroll            |       |       |       |     6 |     1 ||     7
 Stab: Sleeping          |     4 |       |     3 |    15 |     2 ||    24
       Confused          |       |       |     2 |     1 |     2 ||     5
       Invisible         |       |       |       |       |    14 ||    14
Armor: Skin              |       |     5 |    14 |    51 |    52 ||   122
Dodge: Dodged            |    20 |    12 |    41 |   268 |   195 ||   536

Table legend: (Time is in decaauts)
 A = Elapsed time spent in this place.
 B = Non-inter-level travel time spent in this place.
 C = Inter-level travel time spent in this place.
 D = Time resting spent in this place.
 E = Time spent auto-exploring this place.
 F = Levels seen in this place.
 G = Mean time per level.
                   A        B        C        D        E       F      G
               +--------+--------+--------+--------+--------+-----+--------+
         Total |   6437 |   6343 |     94 |   3261 |      0 |   1 | 6437.0 |
       Dungeon |   6437 |   6343 |     94 |   3261 |      0 |   1 | 6437.0 |
               +--------+--------+--------+--------+--------+-----+--------+

Top non-repeatable levels by time:
       D: 6437 daAuts
